 Dungeon Crawl Stone Soup version 0.31-a0-1370-gf52a5a9ab3 (webtiles) character file.

Game seed: 13076065598652686229

961 BigPumpCobain the Ruffian (level 7, -6/68 HPs)
             Began as a Troll Shapeshifter on Dec 23, 2023.
             Killed from afar by an orc wizard (11 damage)
             ... with a puff of flame
             ... on level 6 of the Dungeon.
             The game lasted 00:05:27 (2709 turns).

BigPumpCobain the Ruffian (Troll Shapeshifter)      Turns: 2709, Time: 00:05:28

Health: -6/68      AC:  4    Str: 25    XL:     7   Next: 92%
Magic:  6/6        EV:  7    Int:  6    God:
Gold:   290        SH: 13    Dex: 15    Spells: 6/6 levels left

rFire   . .          .
                       - Unarmed
rCold   . . .        q - +0 tower shield
rNeg    . . .        a - +0 animal skin
rPois   .            (helmet currently unavailable)
rElec   .            (cloak currently unavailable)
rCorr   .            (gloves unavailable)
SInv    .            (boots unavailable)
Will    .....        (no amulet)
Stlth   +            k - +6 ring of dexterity
HPRegen 1.11/turn    (no ring)
MPRegen 0.10/turn

%: no passive effects
@: beast-form
A: beast (slay +1), large, unfitting armour, claws 3, regeneration 1, shaggy fur
1, tough skin 1
a: Begin Untransformation


You were on level 6 of the Dungeon.
You were a hulking beast.
You visited 1 branch of the dungeon, and saw 6 of its levels.

You collected 290 gold pieces.

Inventory:

Hand Weapons
 p - a +2 dagger of draining
 v - a +0 war axe of flaming
Armour
 a - a +0 animal skin (worn)
 q - a +0 tower shield (worn)
Jewellery
 i - an amulet of faith
 k - a +6 ring of dexterity (left claw)
Talismans
 c - a beast talisman
 d - a flux talisman
Scrolls
 f - 3 scrolls of fog
 j - 2 scrolls of poison
 m - a scroll of summoning
 o - a scroll of immolation
 r - 2 scrolls of brand weapon
 u - a scroll of enchant weapon
 w - a scroll of teleportation
 x - a scroll of revelation
Potions
 b - 2 potions of lignification
 e - a potion of ambrosia {unknown}
 g - a potion of curing {unknown}
 h - a potion of attraction {unknown}
 l - a potion of enlightenment {unknown}
 n - a potion of heal wounds {unknown}
 s - a potion of invisibility {unknown}
 t - 2 potions of might {unknown}
 z - 2 potions of magic {unknown}


   Skills:
 + Level 3.7 Fighting
 - Level 1.5 Dodging
 + Level 3.6 Shields
 * Level 7.2 Unarmed Combat
 - Level 3.0 Shapeshifting


You had 6 spell levels left.
You didn't know any spells.
Your spell library contained the following spells:

 Spells                   Type           Power      Damage    Failure   Level
 Foxfire                  Conj/Fire      0%         2x1d4     95%         1
 Summon Small Mammal      Summ           0%         N/A       95%         1
 Inner Flame              Hex/Fire       0%         N/A       100%        3
 Flame Wave               Conj/Fire      0%         2d4       100%        4
 Sticky Flame             Fire/Alch      0%         2d4       100%        4


Dungeon Overview and Level Annotations

Branches:
Dungeon (6/15)
 Temple: D:4-7

Altars:
Elyvilon
Sif Muna
Trog
Uskayaw
Yredelemnul

Shops:
D:3 :

Annotations:
D:5 Dowan, Duvessa


Innate Abilities, Weirdness & Mutations

You are a hulking beast.
Your limbs bulge with bestial killing power. (Slay +1)
You are too large for most types of armour.
You have claws for hands.
Your natural rate of healing is unusually fast.
You are covered in fur. (AC +1)
You have tough skin. (AC +1)


Message History

There is a stone staircase leading down, spattered with blood here.
Items here: ))) ††.
Duvessa hits you with a +0 short sword.
* * * LOW HITPOINT WARNING * * *
The sleepcap releases spores at you but does no damage.
Something hits you but does no damage. The quokka bites you.
* * * LOW HITPOINT WARNING * * *
Duvessa completely misses you.
You climb downwards.
Reactivating autopickup.
There is a stone staircase leading up here.
You scratch the sleepcap.
The sleepcap is heavily damaged.
You feel less confused.
You hear some strange, mumbled words.
A magic dart appears from out of thin air!
Deactivating autopickup; reactivate with Ctrl-A.
The magic dart hits you.
* * * LOW HITPOINT WARNING * * *
You block the sleepcap's attack.
The quokka bites you but does no damage.
Something hits you but does no damage.
The sleepcap releases spores at you but does no damage.
Unknown command.
You claw the sleepcap!
The sleepcap is severely damaged.
The quokka bites you.
* * * LOW HITPOINT WARNING * * *
You block the quokka's attack. The sleepcap barely misses you.
You hear some strange, mumbled words.
A magic dart appears from out of thin air!
The magic dart hits you.
* * * LOW HITPOINT WARNING * * *
You scratch the sleepcap.
The sleepcap is almost destroyed.
The quokka closely misses you.
You hear some strange, mumbled words.
A puff of flame appears from out of thin air!
The puff of flame hits you!
You die...

### .. #.
###{##
#..rh#
#.#f.+
....#
.......
......#..
...##.#...
... #.+...
## ###....


You could see a sleepcap and a quokka.

Vanquished Creatures
  Prince Ribbit (D:5)
  Grinder (D:4)
  The ghost of jlumianski the Insei, an amateur GnSh (D:3)
  An orc warrior (D:4)
  A scorpion (D:4)
  A bullfrog zombie (D:3)
  2 jellies
  A centaur skeleton (D:3)
  A hound (D:5)
  An orc wizard (D:4)
  A howler monkey zombie (D:3)
  4 gnolls (D:3)
  An adder (D:3)
  A bombardier beetle (D:4)
  2 dart slugs
  7 orcs
  2 bats
  2 endoplasms (D:1)
  3 giant cockroaches
  4 goblins
  4 hobgoblins
  2 jackals (D:3)
  6 quokkas
  4 ball pythons
  6 frilled lizards
  6 kobolds
  6 rats
72 creatures vanquished.

Notes
Turn   | Place    | Note
-------+----------+-------------------------------------------
     0 | D:1      | BigPumpCobain the Troll Shapeshifter began the quest for
                  | the Orb.
     0 | D:1      | Reached XP level 1. HP: 18/18 MP: 0/0
   135 | D:1      | Reached skill level 1 in Fighting
   238 | D:1      | Reached XP level 2. HP: 27/27 MP: 1/1
   699 | D:2      | Identified the +6 sling "Haxtoxoh" {heavy, rElec rC- MP+9
                  | SInv}
   750 | D:2      | Reached XP level 3. HP: 32/33 MP: 2/2
  1044 | D:3      | Found a white marble altar of Elyvilon.
  1051 | D:3      | Reached skill level 4 in Unarmed Combat
  1062 | D:3      | Reached XP level 4. HP: 42/42 MP: 3/3
  1180 | D:3      | Found Ziubi's Book Boutique.
  1298 | D:3      | Found a hide-covered altar of Uskayaw.
  1339 | D:3      | Found a runed translucent gate.
  1340 | D:3      | Found a runed translucent gate.
  1340 | D:3      | Found a runed translucent gate.
  1352 | D:3      | Noticed jlumianski's ghost (amateur GnSh)
  1509 | D:3      | Found a faded altar of an unknown god.
  1518 | D:3      | Reached skill level 1 in Shields
  1711 | D:3      | Killed jlumianski's ghost
  1712 | D:3      | Reached skill level 5 in Unarmed Combat
  1712 | D:3      | Reached XP level 5. HP: 17/50 MP: 4/4
  1717 | D:3      | Reached XP level 6. HP: 19/59 MP: 5/5
  1830 | D:4      | Noticed Grinder
  1846 | D:4      | Killed Grinder
  1847 | D:4      | Reached skill level 6 in Unarmed Combat
  1880 | D:4      | Found a shimmering blue altar of Sif Muna.
  1893 | D:4      | Noticed an orc warrior
  1898 | D:4      | Killed an orc warrior
  1899 | D:4      | Reached XP level 7. HP: 36/67 MP: 6/6
  1930 | D:4      | Got Sif Muna's Cyclopedia of Conflagration and Companions
  1935 | D:4      | Found a bloodstained altar of Trog.
  2187 | D:4      | Found a basalt altar of Yredelemnul.
  2441 | D:5      | Entered Level 5 of the Dungeon
  2539 | D:5      | Noticed Prince Ribbit
  2564 | D:5      | Killed Prince Ribbit
  2565 | D:5      | Reached skill level 7 in Unarmed Combat
  2692 | D:5      | Noticed Duvessa
  2692 | D:5      | Noticed Dowan
  2709 | D:6      | Killed from afar by an orc wizard

Illustrated notes

Levels and vault maps discovered:
D:1:      roderic_dead_forest, layout_loops_ring
D:2:      layout_rooms
D:3:      layout_loops_cross, mainiacjoe_overflow_boulevard,
          amcnicky_altar_gilded, chequers_ecumenical_altar_grove,
          gammafunk_ghost_necromancy, serial_shops,
          nicolae_shop_temple_entry_statues_fountains, kennysheep_generic_room_5
D:4:      layout_loops_ring, nzn_overflow_gifts_of_might_and_magic,
          yredelemnul_altar_generic, uniq_grinder
D:5:      layout_loops_ring, makhleb_heckhound_becter, minmay_strange_pillars,
          minivault_26, uniq_prince_ribbit1, uniq_duvessa
D:6:      gammafunk_wand_slinger, layout_basic, mainiacjoe_overflow_catwalk

Skill      XL: |  1  2  3  4  5  6  7 |
---------------+----------------------+-----
Fighting       | 1 2 3 |  3.7
Unarmed Combat | 4 5 6 7 |  7.2
Shields        | 1 2 3 |  3.6
Dodging        | |  1.5
Shapeshifting  | |  3.0

Action                     |  1- 3 |  4- 6 |  7- 9 || total
---------------------------+-------+-------+-------++-------
  Melee: Unarmed           |    72 |    65 |    46 ||   183
         Punch             |     2 |       |       ||     2
    Use: Scroll            |       |       |     8 ||     8
   Stab: Sleeping          |     2 |     2 |       ||     4
 Armour: Animal skin       |    31 |    58 |    43 ||   132
  Dodge: Dodged            |    26 |    19 |    23 ||    68
  Block: Tower shield      |    23 |    46 |    25 ||    94

Table legend: (Time is in decaauts)
 A = Elapsed time spent in this place.
 B = Non-inter-level travel time spent in this place.
 C = Inter-level travel time spent in this place.
 D = Time resting spent in this place.
 E = Time spent auto-exploring this place.
 F = Levels seen in this place.
 G = Mean time per level.
                   A        B        C        D        E       F      G
               +--------+--------+--------+--------+--------+-----+--------+
         Total |   2726 |   2645 |     81 |      0 |   2148 |   6 |  454.3 |
       Dungeon |   2726 |   2645 |     81 |      0 |   2148 |   6 |  454.3 |
               +--------+--------+--------+--------+--------+-----+--------+

Top non-repeatable levels by time:
     D:3: 788 daAuts
     D:4: 665 daAuts
     D:1: 586 daAuts
     D:2: 415 daAuts
     D:5: 268 daAuts
     D:6: 3 daAuts
